 Dungeon Crawl Stone Soup version 0.29-a0-676-ga64570c9d2 (webtiles) character file.

Game seed: 1662362205000753985

247 DocClef the Shield-Bearer (level 6, 0/53 HPs)
             Began as a Gnoll Fighter on June 24, 2022.
             Slain by an ogre
             ... wielding a +0 giant club
              (23 damage)
             ... on level 4 of the Dungeon.
             The game lasted 00:03:09 (3231 turns).

DocClef the Shield-Bearer (Gnoll Fighter)           Turns: 3231, Time: 00:03:09

Health: 0/53       AC: 13    Str: 17    XL:     6   Next: 11%
Magic:  0/8        EV:  9    Int:  7    God:
Gold:   120        SH:  5    Dex: 12    Spells: 8/8 levels left

rFire   + . .      SeeInvis .   a - +0 flail
rCold   . . .      Faith    .   c - +0 buckler
rNeg    . . .      Spirit   +   g - +1 scale mail {rPois}
rPois   +          Reflect  .   o - +0 helmet
rElec   .          Harm     .   (no cloak)
rCorr   .          Rampage  .   l - +0 pair of gloves
Will    .....      Clarity  +   (no boots)
Stlth   ..........              r - amulet of guardian spirit
HPRegen 0.17/turn               (no ring)
MPRegen 0.11/turn               (no ring)

@: no status effects
A: fangs 1, strong nose, distributed training, iridescent scales 1, clarity,
fire resistance 1
a: no special abilities


You were on level 4 of the Dungeon.
You visited 1 branch of the dungeon, and saw 4 of its levels.

You collected 120 gold pieces.

Inventory:

Hand Weapons
 a - a +0 flail (weapon)
Missiles
 q - a throwing net (quivered)
Armour
 c - a +0 buckler (worn)
 g - a +1 scale mail of poison resistance (worn)
 l - a +0 pair of gloves (worn)
 o - a +0 helmet (worn)
Jewellery
 r - an amulet of guardian spirit (around neck)
Scrolls
 i - a scroll of acquirement {unknown}
 j - 6 scrolls of identify {unknown}
 k - 2 scrolls of noise {unknown}
 m - a scroll of amnesia {unknown}
 n - a scroll of fear {unknown}
 s - 2 scrolls of fog {unknown}
Potions
 b - a potion of degeneration {unknown}
 d - a potion of might
 e - a potion of curing


   Skills:
 + Level 6.8 Fighting
 + Level 1.8 Short Blades
 + Level 1.8 Long Blades
 + Level 1.8 Axes
 + Level 4.9 Maces & Flails
 + Level 1.8 Polearms
 + Level 1.8 Staves
 + Level 1.8 Slings
 + Level 1.8 Bows
 + Level 1.8 Crossbows
 + Level 1.8 Throwing
 + Level 6.8 Armour
 + Level 1.8 Dodging
 + Level 1.8 Stealth
 + Level 6.8 Shields
 + Level 1.8 Unarmed Combat
 + Level 1.8 Spellcasting
 + Level 1.4 Conjurations
 + Level 1.4 Hexes
 + Level 1.4 Summonings
 + Level 1.4 Necromancy
 + Level 1.4 Translocations
 + Level 1.4 Transmutations
 + Level 1.4 Fire Magic
 + Level 1.4 Ice Magic
 + Level 1.4 Air Magic
 + Level 1.4 Earth Magic
 + Level 1.4 Poison Magic
 + Level 2.0 Invocations
 + Level 1.8 Evocations


You had 8 spell levels left.
You didn't know any spells.
Your spell library contained the following spells:

 Spells                   Type           Power      Damage    Failure   Level
 Beastly Appendage        Tmut           4%         N/A       63%         1
 Wereblood                Tmut           2%         N/A       77%         2
 Spider Form              Tmut/Pois      2%         N/A       94%         3


Dungeon Overview and Level Annotations

Branches:
Dungeon (4/15)
 Temple: D:4-7

Altars:
Fedhas
Hepliaklqana
Makhleb

Annotations:
D:3 1 runed translucent door, Crazy Yiuf


Innate Abilities, Weirdness & Mutations

You have very sharp teeth.
Your uncanny sense of smell can sniff out nearby items.
Your experience applies equally to all skills.
You are partially covered in iridescent scales. (AC +2)
You possess an exceptional clarity of mind.
Your flesh is heat resistant. (rF+)


Message History

A jackal comes into view.
There are monsters nearby!
There are monsters nearby!
There are monsters nearby!
The jackal barks!
You see here a +0 falchion.
An ogre comes into view. It is wielding a +0 giant club.
The ogre shouts!
The jackal barely misses you.
You barely miss the jackal. Your bite misses the jackal.
You block the jackal's attack.
You closely miss the jackal. You block the jackal's attack.
The jackal bites you.
The jackal bites you but does no damage.
You block the jackal's attack.
You sock the jackal!
You kill the jackal!
You block the jackal's attack.
You hit the jackal.
The jackal is heavily wounded.
You block the jackal's attack.
The jackal bites you but does no damage.
You thump the jackal!
You kill the jackal!
The ogre hits you with a +0 giant club!
You sock the ogre!
The ogre is moderately wounded.
The ogre hits you with a +0 giant club!!
You are too injured to fight recklessly!
You are too injured to fight recklessly!
You are too injured to fight recklessly!
You barely miss the ogre. You bite the ogre.
The ogre is moderately wounded.
The ogre barely misses you.
You hit the ogre. You bite the ogre.
The ogre is heavily wounded.
You barely miss the ogre.
The ogre is heavily wounded.
The ogre hits you with a +0 giant club!!
You die...

##### #......# #...#
#......# #...#
#......## #...#
#..>..... #.>.#
#......# ##...######
#......# .)........#
#O†<...# ..........#
##@†#
..........#####).##
..........#.......#
.#........#...........
.#............[...####
.#..###.###.####.## .
.....##.# #.# #.# ..
.##..##.###.# #.##
##... .....##.#...#
#..##.....


You could see an ogre.

Vanquished Creatures
  Natasha (thrice) (D:2)
  Robin (D:2)
  An adder (D:3)
  4 gnolls (D:2)
  A worm (D:2)
  7 dart slugs
  4 orcs (D:4)
  2 bats
  5 endoplasms
  2 giant cockroaches (D:2)
  15 goblins
  7 hobgoblins
  14 jackals
  4 quokkas
  5 ball pythons
  3 frilled lizards
  5 kobolds
  2 rats
85 creatures vanquished.

Notes
Turn   | Place    | Note
-------+----------+-------------------------------------------
     0 | D:1      | DocClef the Gnoll Fighter began the quest for the Orb.
     0 | D:1      | Reached XP level 1. HP: 23/23 MP: 1/1
   149 | D:1      | Reached XP level 2. HP: 29/29 MP: 2/2
   198 | D:1      | Found a faded altar of an unknown god.
   753 | D:2      | Reached XP level 3. HP: 31/35 MP: 3/3
   915 | D:2      | Noticed Robin
   946 | D:2      | Reached skill level 1 in Invocations
   953 | D:2      | Killed Robin
   960 | D:2      | Reached skill level 1 in Short Blades
   960 | D:2      | Reached skill level 1 in Long Blades
   960 | D:2      | Reached skill level 1 in Axes
   960 | D:2      | Reached skill level 1 in Polearms
   960 | D:2      | Reached skill level 1 in Staves
   960 | D:2      | Reached skill level 1 in Slings
   960 | D:2      | Reached skill level 1 in Bows
   960 | D:2      | Reached skill level 1 in Crossbows
   960 | D:2      | Reached skill level 1 in Throwing
   960 | D:2      | Reached skill level 1 in Dodging
   960 | D:2      | Reached skill level 1 in Stealth
   960 | D:2      | Reached skill level 1 in Unarmed Combat
   960 | D:2      | Reached skill level 1 in Spellcasting
   960 | D:2      | Reached skill level 1 in Evocations
   994 | D:2      | Noticed Natasha
   998 | D:2      | Reached XP level 4. HP: 41/41 MP: 5/5
  1004 | D:2      | Killed Natasha
  1269 | D:2      | Reached skill level 1 in Conjurations
  1269 | D:2      | Reached skill level 1 in Hexes
  1269 | D:2      | Reached skill level 1 in Summonings
  1269 | D:2      | Reached skill level 1 in Necromancy
  1269 | D:2      | Reached skill level 1 in Translocations
  1269 | D:2      | Reached skill level 1 in Transmutations
  1269 | D:2      | Reached skill level 1 in Fire Magic
  1269 | D:2      | Reached skill level 1 in Ice Magic
  1269 | D:2      | Reached skill level 1 in Air Magic
  1269 | D:2      | Reached skill level 1 in Earth Magic
  1269 | D:2      | Reached skill level 1 in Poison Magic
  1473 | D:2      | Noticed Natasha
  1481 | D:2      | Killed Natasha
  1482 | D:2      | Reached XP level 5. HP: 47/47 MP: 6/6
  1808 | D:2      | Noticed Natasha
  1816 | D:2      | Killed Natasha
  2308 | D:3      | Found a runed translucent door.
  2309 | D:3      | Noticed Crazy Yiuf
  2467 | D:3      | Found a burning altar of Makhleb.
  2467 | D:3      | Found a blossoming altar of Fedhas.
  2467 | D:3      | Found a hazy altar of Hepliaklqana.
  3011 | D:4      | Reached XP level 6. HP: 41/53 MP: 6/8
  3036 | D:4      | Gained mutation: Your flesh is heat resistant. (rF+)
                  | [potion of mutation]
  3036 | D:4      | Gained mutation: You are partially covered in iridescent
                  | scales. (AC +2) [potion of mutation]
  3036 | D:4      | Gained mutation: You possess an exceptional clarity of
                  | mind. [potion of mutation]
  3231 | D:4      | Slain by an ogre

Illustrated notes

Levels and vault maps discovered:
D:1:      minmay_arrival_doors, layout_rooms,
          ebering_ecumenical_altar_petrified, minmay_hedge_maze
D:2:      layout_basic, uniq_natasha, uniq_robin
D:3:      layout_loops_corners, gammafunk_temple_overflow_forgotten,
          uniq_crazy_yiuf_cottage
D:4:      kennysheep_slugbush, layout_rooms

Skill      XL: |  1  2  3  4  5  6 |
---------------+-------------------+-----
Invocations    | 1 2 |  2.0
Short Blades   | 1 |  1.8
Long Blades    | 1 |  1.8
Axes           | 1 |  1.8
Polearms       | 1 |  1.8
Staves         | 1 |  1.8
Slings         | 1 |  1.8
Bows           | 1 |  1.8
Crossbows      | 1 |  1.8
Throwing       | 1 |  1.8
Dodging        | 1 |  1.8
Stealth        | 1 |  1.8
Unarmed Combat | 1 |  1.8
Spellcasting   | 1 |  1.8
Evocations     | 1 |  1.8
Conjurations   | 1 |  1.4
Hexes          | 1 |  1.4
Summonings     | 1 |  1.4
Necromancy     | 1 |  1.4
Translocations | 1 |  1.4
Transmutations | 1 |  1.4
Fire Magic     | 1 |  1.4
Ice Magic      | 1 |  1.4
Air Magic      | 1 |  1.4
Earth Magic    | 1 |  1.4
Poison Magic   | 1 |  1.4
Fighting       | |  6.8
Maces & Flails | |  4.9
Armour         | |  6.8
Shields        | |  6.8

Action                   |  1- 3 |  4- 6 || total
-------------------------+-------+-------++-------
Melee: Flail             |   125 |   171 ||   296
       Bite              |    14 |    21 ||    35
  Use: Potion            |       |     5 ||     5
Armor: Scale mail        |    67 |    81 ||   148
       Skin              |       |     3 ||     3
Dodge: Dodged            |    64 |    73 ||   137
Block: Buckler           |    36 |    41 ||    77

Table legend: (Time is in decaauts)
 A = Elapsed time spent in this place.
 B = Non-inter-level travel time spent in this place.
 C = Inter-level travel time spent in this place.
 D = Time resting spent in this place.
 E = Time spent auto-exploring this place.
 F = Levels seen in this place.
 G = Mean time per level.
                   A        B        C        D        E       F      G
               +--------+--------+--------+--------+--------+-----+--------+
         Total |   3294 |   3130 |    164 |      9 |   2406 |   4 |  823.5 |
       Dungeon |   3294 |   3130 |    164 |      9 |   2406 |   4 |  823.5 |
               +--------+--------+--------+--------+--------+-----+--------+

Top non-repeatable levels by time:
     D:2: 1527 daAuts
     D:3: 888 daAuts
     D:1: 629 daAuts
     D:4: 249 daAuts
